Map: Ruby Rock LE

Players

ZioFesterFA

  • Race: Zerg Zerg
  • League: Master
  • Spawn Location: 11:00

SCIInewby - Winner!

  • Race: Protoss Protoss
  • League: Master
  • Spawn Location: 5:00

VOD

Have the link to the VOD?

Description

Time

  • Played on: Feb. 10, 2026, 10:39 a.m.
  • Length: 8:05
Show
View Real Time Build Order
Export as new Build Order

ZioFesterFA Zerg 

Build Orders: Pool First 

Get SALT Encoding   

  12  0:07  Drone  
  12  0:08  Drone  
  14  0:17  Overlord  
  14  0:26  Extractor  
  14  0:27  Drone  
  14  0:30  Extractor  
  13  0:44  Spawning Pool  
  13  0:47  Drone  
  13  1:00  Drone  
  13  1:01  Drone  
  15  1:20  Overlord  
  15  1:21  Drone  
  16  1:45  Zergling x6  
  16  1:46  Metabolic Boost  
  19  2:00  Zergling x2  
  20  2:14  Zergling x2  
  21  2:19  Queen  
  23  2:29  Spine Crawler  
  22  2:34  Zergling x4  
  24  2:55  Overlord  
  24  2:56  Drone  
  25  3:13  Zergling x2  
  25  3:14  Zergling x2  
  27  3:22  Drone  
  28  3:31  Zergling x6  
  31  3:55  Zergling x4  
  31  4:19  Zergling x6  
  27  4:37  Lair  
  27  4:53  Hatchery  
  26  5:11  Overlord  
  26  5:12  Drone x2  
  27  5:44  Queen  
  27  5:45  Spire  
  27  5:47  Overseer x2  
  28  5:57  Overseer  
  28  6:03  Zergling x2  
  28  6:04  Zergling x2  
  28  6:55  Mutalisk x5  
  31  7:13  Overseer  
  27  7:16  Mutalisk x2  
  31  7:27  Mutalisk  
Show
View Real Time Build Order
Export as new Build Order

SCIInewby Protoss - Winner!

Build Orders:  

Get SALT Encoding   

  12  0:00  Probe  
  13  0:13  Probe  
  14  0:20  Pylon  
  14  0:25  Probe  
  15  0:40  Forge  
  15  0:50  Pylon  
  15  1:06  Probe  
  16  1:16  Photon Cannon  
  16  1:22  Gateway  
  16  1:26  Probe  
  17  1:39  Probe  
  18  1:51  Photon Cannon, Probe  
  19  1:55  Pylon  
  19  2:02  Zealot  
  19  2:03  Probe  
  19  2:04  Assimilator  
  21  2:17  Probe  
  22  2:27  Nexus  
  22  2:35  Probe  
  23  2:39  Zealot  
  25  2:47  Probe  
  25  2:50  Cybernetics Core  
  26  3:00  Assimilator  
  26  3:05  Assimilator  
  26  3:09  Assimilator  
  26  3:11  Probe  
  26  3:16  Warp Gate  
  26  3:19  Probe  
  28  3:35  Probe  
  28  3:36  Probe  
  30  3:43  Probe  
  30  3:44  Stalker, Probe  
  34  3:52  Probe  
  34  3:54  Probe  
  34  3:59  Twilight Council  
  36  4:04  Probe  
  36  4:06  Probe  
  38  4:16  Probe  
  39  4:18  Probe  
  38  4:28  Shield Battery  
  38  4:32  Stalker  
  38  4:33  Charge  
  40  4:41  Gateway  
  40  4:42  Gateway  
  40  4:57  Pylon x2  
  40  5:03  Probe x2  
  42  5:10  Photon Cannon  
  42  5:11  Probe x2  
  42  5:12  Pylon  
  42  5:20  Probe x2  
  44  5:22  Stalker  
  48  5:33  Probe  
  49  5:37  Zealot  
  51  5:48  Probe x2  
  53  5:51  Stargate x2  
  53  5:55  Zealot x2  
  57  6:00  Probe  
  58  6:05  Protoss Air Weapons Level 1  
  58  6:11  Probe  
  58  6:12  Photon Cannon  
  58  6:15  Pylon  
  58  6:18  Pylon  
  59  6:19  Zealot  
  59  6:20  Zealot  
  63  6:28  Zealot  
  65  6:45  Zealot x2  
  63  7:09  Nexus  
  61  7:19  Zealot x3  
  65  7:29  Fleet Beacon  
  59  7:43  Pylon  
  57  7:45  Pylon  
  57  7:46  Pylon  
  53  7:52  Pylon  
  53  7:53  Stalker x3  
  53  7:54  Pylon  
Tags
 
Matchup
PvZ
Opening
Pool First
Replay Pack
Multiplayer
Spawn Locations
Cross Positions
Add a new tag
Caveats
  • Supply blocks, unpowered buildings, or Contaminate may cause inaccurate times.
  • Supply counts are checked every 10 seconds.